 Dungeon Crawl Stone Soup version 0.27.1 (webtiles) character file.

Game seed: 18208583197128105665

88610 MajorAdolf the Unseen (level 15, -2/134 HPs)
             Began as a Naga Wanderer on Aug 22, 2021.
             Was a Believer of Kikubaaqudgha.
             Slain by a two-headed ogre (15 damage)
             ... on level 13 of the Dungeon.
             The game lasted 01:26:04 (36539 turns).

MajorAdolf the Unseen (Naga Wanderer)              Turns: 36539, Time: 01:26:04

Health: -2/134     AC: 29    Str: 23    XL:     15   Next: 94%
Magic:  20/31      EV:  7    Int: 17    God:    Kikubaaqudgha [**....]
Gold:   396        SH: 12    Dex: 15    Spells: 18/39 levels left

rFire    . . .     SeeInvis +   q - +0 whip (pain)
rCold    + . .     Faith    .   t - +0 kite shield
rNeg     + . .     Spirit   .   c - +2 leather armour {rN+}
rPois    +         Reflect  .   k - +0 helmet
rElec    .         Harm     .   l - +2 cloak
rCorr    .         Rampage  .   L - +2 pair of gloves {Dex+3}
Will     +....                  m - +2 barding {Stlth+}
Stlth    ++++++++..             F - amulet of the acrobat
HPRegen  0.32/turn              h - +4 ring of protection
MPRegen  0.22/turn              C - ring "Paneprotz" {rC+ AC+4 Str+5 Int+3}

@: very slow
A: AC +5, large, see invisible, deformed body, poison resistance, slowness 2,
spit poison 1, naga tail 2
a: Spit Poison, Renounce Religion, Receive Corpses


You were on level 13 of the Dungeon.
You worshipped Kikubaaqudgha.
Kikubaaqudgha was pleased with you.
You visited 4 branches of the dungeon, and saw 22 of its levels.
You also visited: Sewer.

You collected 5035 gold pieces.
You spent 2199 gold pieces at shops.
You paid 2440 gold pieces to Gozag.

Inventory:

Hand Weapons
 q - a +0 whip of pain (weapon)
 G - a +1 short sword of holy wrath
 I - a +2 scimitar of electrocution
Armour
 c - a +2 leather armour of positive energy (worn)
 k - a +0 helmet (worn)
 l - a +2 cloak (worn)
 m - a +2 barding of stealth (worn)
 r - a +2 robe of cold resistance
 t - a +0 kite shield (worn)
 z - a +1 robe of fire resistance
 K - a +0 robe of resistance
 L - a +2 pair of gloves of dexterity (worn)
Jewellery
 a - a ring of positive energy
 h - a +4 ring of protection (left hand)
 p - a ring of ice
 s - an amulet of guardian spirit
 C - the ring "Paneprotz" (right hand) {rC+ AC+4 Str+5 Int+3}
   (You bought it in a shop on level 3 of the Lair of Beasts)

   [ring of protection]

   AC:        It affects your AC (+4).
   Str:       It affects your strength (+5).
   Int:       It affects your intelligence (+3).
   rC:        It protects you from cold.
 F - an amulet of the acrobat (around neck)
 N - a ring of flight
 V - a ring of fire
Wands
 w - a wand of flame (15)
 y - a wand of paralysis (3)
 A - a wand of iceblast (16)
Scrolls
 e - 6 scrolls of teleportation
 j - 2 scrolls of blinking
 u - 4 scrolls of amnesia
 B - a scroll of fog
 E - 2 scrolls of enchant weapon
 M - a scroll of identify
 O - 4 scrolls of magic mapping
 Q - 3 scrolls of fear
 Z - a scroll of brand weapon
Potions
 b - 5 potions of might
 d - 8 potions of curing
 f - 6 potions of flight
 g - a potion of mutation
 i - 5 potions of haste
 n - 2 potions of attraction
 v - 5 potions of degeneration
 x - 3 potions of lignification
 D - 3 potions of magic
 H - 4 potions of heal wounds
 J - 4 potions of ambrosia
 P - 2 potions of berserk rage
 S - a potion of invisibility
 X - 2 potions of cancellation
Miscellaneous
 U - a phial of floods (inert)


   Skills:
 + Level 8.9 Fighting
 - Level 1.0 Armour
 + Level 18.1 Stealth
 + Level 10.2 Shields
 + Level 12.7 Spellcasting
 + Level 13.1 Necromancy


You had 18 spell levels left.
You knew the following spells:

 Your Spells              Type           Power      Damage    Failure   Level
a - Pain                  Necr           100%       1d9       1%          1
b - Animate Skeleton      Necr           100%       N/A       1%          1
c - Vampiric Draining     Necr           26%        2d9       1%          3
d - Sublimation of Blood  Necr           26%        N/A       1%          2
e - Animate Dead          Necr           26%        N/A       1%          4
f - Agony                 Necr           53%        N/A       1%          5
g - Excruciating Wounds   Necr           26%        N/A       1%          5

Your spell library contained the following spells:

 Spells                   Type           Power      Damage    Failure   Level
 Corpse Rot               Necr/Air       N/A        N/A       1%          2
 Apportation              Tloc           20%        N/A       8%          1
 Corona                   Hex            11%        N/A       8%          1
 Foxfire                  Conj/Fire      40%        2x1d6     8%          1
 Sting                    Tmut/Pois      40%        1d5       8%          1
 Summon Small Mammal      Summ           40%        N/A       8%          1
 Poisonous Vapours        Pois/Air       20%        N/A       11%         2
 Conjure Flame            Conj/Fire      10%        6-21      22%         3
 Frozen Ramparts          Ice            20%        1d4       22%         3
 Gell's Gravitas          Tloc           5%         N/A       22%         3
 Ignite Poison            Fire/Tmut/Pois 10%        N/A       22%         3
 Inner Flame              Hex/Fire       10%        N/A       22%         3
 Lesser Beckoning         Tloc           5%         N/A       22%         3
 Portal Projectile        Hex/Tloc       20%        N/A       22%         3
 Summon Guardian Golem    Hex/Summ       10%        N/A       22%         3
 Teleport Other           Tloc           10%        N/A       22%         3
 Leda's Liquefaction      Hex/Erth       5%         N/A       58%         4
 Olgreb's Toxic Radiance  Pois           10%        N/A       58%         4
 Sticky Flame             Conj/Fire      10%        2d3       58%         4
 Simulacrum               Ice/Necr       16%        N/A       58%         6
 Alistair's Intoxication  Tmut/Pois      6%         N/A       90%         5
 Blade Hands              Tmut           5%         N/A       90%         5
 Bolt of Magma            Conj/Fire/Erth 5%         4d5       90%         5
 Summon Mana Viper        Hex/Summ       10%        N/A       90%         5
 Statue Form              Tmut/Erth      6%         N/A       100%        6
 Dragon Form              Tmut           5%         N/A       100%        7
 Orb of Destruction       Conj           5%         9d2       100%        7
 Spellforged Servitor     Conj/Summ      5%         N/A       100%        7


Dungeon Overview and Level Annotations

Branches:
Dungeon (13/15)            Temple (1/1) D:5            Lair (6/6) D:8
 Shoals (0/4) Lair:4        Snake (0/4) Lair:4        Slime (0/5) Lair:5
    Orc (2/2) D:11            Elf (0/3) Orc:2         Sewer (visited)
 Vaults: D:13-14

Altars:
Ashenzari
Cheibriados
Dithmenos
Elyvilon
Fedhas
Gozag
Hepliaklqana
Kikubaaqudgha
Makhleb
Nemelex Xobeh
Okawaru
Qazlal
Ru
Sif Muna
Trog
Uskayaw
Vehumet
Wu Jian
Xom
Yredelemnul
Zin
The Shining One

Shops:
D:7 !   D:10 *   Orc:2 *(?([   Lair:1 *   Lair:3 *

Annotations:
D:4 exclusion: ogre
D:7 exclusion: 3 wights
D:8 exclusion: 2 wights
Lair:5 3 runed translucent doors, Ruewk's ghost, journeyman CeAM
Orc:2 3 runed translucent doors, Aryth's ghost, journeyman GnWn


Innate Abilities, Weirdness & Mutations

Your serpentine skin is tough. (AC +5)
You have supernaturally acute eyesight. (SInv)
Armour fits poorly on your strangely shaped body.
Your system is resistant to poisons. (rPois)
You cover ground very slowly.
You can spit poison.
You can use your snake-like lower body to constrict enemies.


Message History

Aim: a two-headed ogre, wielding a +0 giant spiked club and a +1 dire flail of protection (moderately wounded, berserk, incited by Gozag, covered in acid, 86% to hit)
The bolt of acid hits the two-headed ogre!
The two-headed ogre is splashed with acid.
The two-headed ogre seems to be corroded for longer.
The two-headed ogre is heavily wounded.
The now-empty wand crumbles to dust.
The two-headed ogre hits you with a +0 giant spiked club!
The two-headed ogre hits you with a +1 dire flail of protection.
Unknown command.
You hit the two-headed ogre.
The two-headed ogre writhes in agony!
Your grab misses the two-headed ogre.
The two-headed ogre is severely wounded.
The two-headed ogre barely misses you.
The two-headed ogre hits you with a +1 dire flail of protection!
Unknown command.
You are too injured to fight recklessly!
Unknown command.
Casting: Animate Dead (safe; 1% risk of failure)
Confirm with . or Enter, or press ? or * to list all spells.
Aiming: Vampiric Draining (safe; 1% risk of failure)
Press: ? - help, Shift-Dir - straight line, f/p - two-headed ogre
Aim: a two-headed ogre, wielding a +0 giant spiked club and a +1 dire flail of protection (severely wounded, berserk, incited by Gozag, covered in acid)
You draw life force from the two-headed ogre!
You feel life coursing into your body. The two-headed ogre closely misses you.
The two-headed ogre hits you with a +1 dire flail of protection!
You block the two-headed ogre's attack.
The two-headed ogre hits you with a +1 dire flail of protection!
Unknown command.
Casting: Vampiric Draining (safe; 1% risk of failure)
Confirm with . or Enter, or press ? or * to list all spells.
Aiming: Vampiric Draining (safe; 1% risk of failure)
Press: ? - help, Shift-Dir - straight line, f/p - two-headed ogre
Aim: a two-headed ogre, wielding a +0 giant spiked club and a +1 dire flail of protection (severely wounded, berserk, incited by Gozag, covered in acid)
You draw life force from the two-headed ogre!
You feel life coursing into your body.
The two-headed ogre hits you with a +0 giant spiked club!!!
* * * LOW HITPOINT WARNING * * *
The two-headed ogre hits you with a +1 dire flail of protection!
You die...
Kikubaaqudgha rasps: "You have failed me!
Welcome... death!"

####### ############
.......
#..........######.......
#..........##.@O'.......
.##..........'..###.......
^............#### ......?
.#...........# .......
##..).......# .......
#..........# .......
#..>....<..# .......
##+######### #####+#


You could see a two-headed ogre (berserk, incited, corroded).

Vanquished Creatures
  Josephine (Orc:1)
  3 boulder beetles
  7 hydras
  Erica (D:8)
  A centaur warrior (D:13)
  5 two-headed ogres
  4 death yaks (Lair:4)
  4 orc high priests (Orc:2)
  Sonja (Lair:4)
  Nergalle (Lair:2)
  A sea snake (Lair:5)
  2 harpies (Lair:6)
  An orc knight (D:11)
  A deep elf pyromancer (D:11)
  3 orc sorcerers
  6 manticores
  A cyclops (D:10)
  6 black mambas
  Joseph (D:7)
  10 elephants
  6 cane toads
  Maggie (D:7)
  Psyche (D:8)
  2 unseen horrors (D:10)
  8 komodo dragons
  A rime drake (Lair:6)
  A queen bee (Lair:2)
  2 trolls
  A hornet (Lair:5)
  6 polar bears
  2 wind drakes
  A snapping turtle (Lair:6)
  16 blink frogs
  A vampire (D:12)
  Sigmund (D:5)
  8 wraiths
  3 wyverns
  49 yaks
  Eustachio (D:6)
  3 vampire mosquitoes (D:12)
  A basilisk (Lair:6)
  5 steam dragons
  Menkaure (D:6)
  Edmund (D:6)
  An acid dragon (D:11)
  2 wargs
  12 water moccasins
  Duvessa (D:6)
  24 orc warriors
  2 black bears
  2 sky beasts
  2 ice beasts
  9 wolves
  4 centaurs
  5 ogres
  10 bullfrogs
  A wyvern zombie (D:8)
  5 scorpions
  Dowan (D:6)
  25 killer bees (Lair:2)
  4 electric eels (Lair:1)
  A howler monkey (D:5)
  A bullfrog zombie (D:5)
  7 centaur zombies
  4 hounds
  Crazy Yiuf (D:5)
  28 orc priests
  2 gnoll shamans (D:8)
  A jelly (D:5)
  2 bullfrog skeletons
  5 iguanas
  29 orc wizards
  Natasha (twice) (D:2)
  7 hell rats (Lair:6)
  A merfolk siren (Sewer)
  2 merfolk avatars
  A hound skeleton (D:4)
  2 howler monkey zombies
  Robin (D:1)
  14 gnolls
  3 river rats (Sewer)
  6 adders
  A shadow imp (D:6)
  2 white imps
  2 ufetubi
  2 adder skeletons
  A worm (D:3)
  3 dart slugs
  57 orcs
  7 ball pythons
  3 endoplasms
  4 giant cockroaches
  15 goblins
  12 hobgoblins
  A jackal (D:2)
  3 quokkas
  6 bats
  10 frilled lizards
  3 kobolds
  26 rats
570 creatures vanquished.

Vanquished Creatures (collateral kills)
  Fannar (D:11)
  An ogre (Orc:2)
  A hound (D:3)
  Natasha (D:2)
  2 gnolls (D:4)
  A white imp (D:4)
  3 orcs
  2 goblins (D:1)
  3 jackals (D:2)
  A ball python (Sewer)
  3 frilled lizards
  A kobold (D:2)
  3 rats
23 creatures vanquished.

Vanquished Creatures (others)
  A bush (Lair:2)
  39 fungi
  80 plants
120 creatures vanquished.

Grand Total: 713 creatures vanquished

Notes
Turn   | Place    | Note
-------+----------+-------------------------------------------
     0 | D:1      | MajorAdolf the Naga Wanderer began the quest for the Orb.
     0 | D:1      | MajorAdolf set off with the following items: a +0 club, a
                  | +0 robe, a +0 dagger; and the following spells available to
                  | memorise: Animate Skeleton, Pain, Sublimation of Blood,
                  | Corpse Rot, Vampiric Draining, Animate Dead, Agony
     0 | D:1      | Reached XP level 1. HP: 19/19 MP: 5/5
     2 | D:1      | Learned a level 1 spell: Pain
     4 | D:1      | Learned a level 1 spell: Animate Skeleton
   520 | D:1      | Reached XP level 2. HP: 21/26 MP: 7/7
  1263 | D:2      | Reached XP level 3. HP: 29/32 MP: 8/8
  2237 | D:2      | Noticed Natasha
  2249 | D:2      | Found a faded altar of an unknown god.
  2255 | D:2      | Reached XP level 4. HP: 39/39 MP: 10/10
  2256 | D:2      | Noticed Robin
  2688 | D:1      | Killed Robin
  2979 | D:2      | Learned a level 3 spell: Vampiric Draining
  3187 | D:2      | Killed Natasha
  3188 | D:2      | Reached skill level 5 in Spellcasting
  3202 | D:2      | Noticed Natasha
  3207 | D:2      | Killed Natasha
  3208 | D:2      | Reached XP level 5. HP: 29/45 MP: 12/12
  3361 | D:2      | Noticed Natasha
  3370 | D:2      | Killed Natasha
  3439 | D:3      | Found a glowing drain.
  3455 | Sewer    | Entered a sewer
  4056 | Sewer    | Reached XP level 6. HP: 38/52 MP: 14/14
  4737 | D:3      | Found a blossoming altar of Fedhas.
  4844 | D:3      | Learned a level 2 spell: Sublimation of Blood
  4849 | D:3      | Learned a level 4 spell: Animate Dead
  4855 | D:3      | Learned a level 5 spell: Agony
  5526 | D:4      | Noticed an orc warrior
  5547 | D:3      | Reached XP level 7. HP: 57/60 MP: 6/16
  5634 | D:4      | Reached skill level 5 in Necromancy
  5652 | D:4      | Identified a scroll of acquirement
  5652 | D:4      | Acquired a +1 barding of stealth
  5851 | D:5      | Entered Level 5 of the Dungeon
  5861 | D:5      | Reached skill level 4 in Stealth
  6005 | D:5      | Noticed Sigmund
  6080 | D:4      | Reached skill level 5 in Stealth
  6651 | D:5      | Reached skill level 6 in Stealth
  6651 | D:5      | Reached XP level 8. HP: 46/67 MP: 6/18
  6964 | D:5      | Reached skill level 1 in Shields
  7109 | D:5      | Found a staircase to the Ecumenical Temple.
  7118 | Temple   | Entered the Ecumenical Temple
  7309 | Temple   | Became a worshipper of Gozag Ym Sagoz the Greedy
  7419 | D:5      | Killed Sigmund
  7420 | D:5      | Reached skill level 7 in Stealth
  7649 | D:5      | Found a runed translucent door.
  7650 | D:5      | Noticed Crazy Yiuf
  8216 | D:6      | Reached skill level 8 in Stealth
  8216 | D:6      | Reached XP level 9. HP: 65/73 MP: 8/20
  9164 | D:6      | Noticed Edmund
  9192 | D:6      | Killed Edmund
  9276 | D:6      | Noticed Menkaure
  9304 | D:5      | Reached skill level 9 in Stealth
  9401 | D:6      | Killed Menkaure
  9492 | D:6      | Noticed Duvessa
  9499 | D:6      | Noticed Dowan
  9504 | D:6      | Killed Duvessa
  9507 | D:6      | Found a bloodstained altar of Trog.
  9656 | D:6      | Killed Dowan
  9764 | D:6      | Noticed Eustachio
  9790 | D:6      | Killed Eustachio
 10816 | D:7      | Found Mumae's Distillery.
 10830 | D:7      | Reached skill level 10 in Stealth
 10830 | D:7      | Reached XP level 10. HP: 80/80 MP: 10/22
 10921 | D:7      | Noticed Joseph
 10935 | D:7      | Killed Joseph
 11034 | D:7      | Noticed Maggie
 11043 | D:7      | Killed Maggie
 11592 | D:7      | Reached skill level 11 in Stealth
 11860 | D:8      | Reached skill level 5 in Shields
 12030 | D:8      | Noticed a two-headed ogre
 12196 | D:8      | Found a staircase to the Lair.
 12217 | D:8      | Killed a two-headed ogre
 13183 | D:8      | Noticed Psyche
 13290 | D:8      | Killed Psyche
 13291 | D:8      | Reached XP level 11. HP: 86/86 MP: 12/24
 13514 | Lair:1   | Entered Level 1 of the Lair of Beasts
 13544 | D:8      | Reached skill level 12 in Stealth
 14021 | Lair:1   | Noticed a four-headed hydra
 14036 | Lair:1   | Noticed a six-headed hydra
 14089 | Lair:1   | Killed a six-headed hydra
 14607 | Lair:1   | Killed a four-headed hydra
 15141 | Lair:1   | Bought a dented bronze amulet for 135 gold pieces
 15141 | Lair:1   | Bought a potion of curing for 81 gold pieces
 15141 | Lair:1   | Bought a scroll labelled QYN WOIWAMM for 27 gold pieces
 15141 | Lair:1   | Bought a ruby potion for 24 gold pieces
 15588 | Lair:2   | Noticed a boulder beetle
 15669 | Lair:1   | Reached skill level 13 in Stealth
 15818 | Lair:2   | Killed a boulder beetle
 15819 | Lair:2   | Reached skill level 10 in Spellcasting
 15988 | Lair:2   | Reached skill level 10 in Necromancy
 16975 | Lair:2   | Reached XP level 12. HP: 88/93 MP: 26/26
 17433 | Lair:2   | Noticed Nergalle
 17461 | Lair:2   | Killed Nergalle
 17462 | Lair:2   | Reached skill level 14 in Stealth
 17859 | Lair:3   | Identified the +0 plate armour of Narcissism {Harm rElec
                  | Regen+ Int+4}
 17961 | Lair:3   | Noticed a six-headed hydra
 17970 | Lair:3   | Killed a six-headed hydra
 18332 | Lair:3   | Noticed an eight-headed hydra
 18342 | Lair:3   | Killed an eight-headed hydra
 19423 | Lair:4   | Noticed Sonja
 19430 | Lair:4   | Killed Sonja
 20243 | Lair:4   | Reached skill level 15 in Stealth
 20309 | Lair:4   | Found a staircase to the Shoals.
 20310 | Lair:4   | Found a staircase to the Snake Pit.
 20500 | Lair:4   | Gained mutation: You can use your snake-like lower body to
                  | constrict enemies. [Naga growth]
 20500 | Lair:4   | Reached XP level 13. HP: 98/108 MP: 13/28
 21350 | Lair:4   | Reached skill level 5 in Fighting
 21846 | Lair:4   | Learned a level 5 spell: Excruciating Wounds
 22952 | Lair:5   | Found a runed translucent gate.
 22952 | Lair:5   | Found a staircase to the Slime Pits.
 22952 | Lair:5   | Found a runed translucent gate.
 22959 | Lair:5   | Found a runed translucent gate.
 23222 | Lair:5   | Got Sif Muna's Collected Works on Freezing Creation
 23888 | Lair:5   | Noticed an ice dragon
 23889 | Lair:5   | Noticed Ruewk's ghost (journeyman CeAM)
 24089 | Lair:6   | Entered Level 6 of the Lair of Beasts
 24094 | Lair:6   | Reached skill level 16 in Stealth
 24959 | Lair:3   | Bought the ring "Paneprotz" {rC+ AC+4 Str+5 Int+3} for 1068
                  | gold pieces
 26087 | Lair:6   | Reached XP level 14. HP: 107/121 MP: 29/29
 27565 | D:9      | Noticed Erica
 27579 | D:8      | Killed Erica
 27838 | D:9      | Identified the +2 leather armour of Jeafenye {Harm Regen+}
 28047 | D:9      | Found an iron altar of Okawaru.
 28048 | D:9      | Found a shadowy altar of Dithmenos.
 28488 | D:10     | Entered Level 10 of the Dungeon
 28585 | D:10     | Identified the +7 spear "Ifaegant" {elec, Contam +Blink rC+
                  | rN++}
 28704 | D:10     | Got Sif Muna's Reference Book on Mutagenic Toxins
 28990 | D:10     | Reached skill level 17 in Stealth
 28990 | D:10     | Reached XP level 15. HP: 132/132 MP: 31/31
 29224 | D:10     | Bought 2 scrolls of blinking for 225 gold pieces
 29224 | D:10     | Bought a potion of curing for 45 gold pieces
 29424 | Temple   | Fell from the grace of Gozag
 29424 | Temple   | Became a worshipper of Kikubaaqudgha
 29600 | D:5      | Killed Crazy Yiuf
 29785 | D:11     | Found a basalt altar of Yredelemnul.
 30083 | D:11     | Noticed Fannar
 30097 | D:11     | Killed Fannar
 30301 | D:11     | Found a staircase to the Orcish Mines.
 30402 | D:11     | Found a shimmering altar of Xom.
 30899 | Orc:1    | Entered Level 1 of the Orcish Mines
 31217 | Orc:1    | Reached * piety under Kikubaaqudgha
 31217 | Orc:1    | Received a gift from Kikubaaqudgha
 31497 | Orc:2    | Entered Level 2 of the Orcish Mines
 31536 | Orc:2    | Paralysed by an orc sorcerer for 2 turns
 31680 | Orc:2    | Noticed Josephine
 31699 | Orc:1    | Killed Josephine
 31938 | D:11     | Reached skill level 10 in Shields
 33140 | Orc:2    | Reached ** piety under Kikubaaqudgha
 33525 | Orc:2    | Found a runed translucent gate.
 33525 | Orc:2    | Found a runed translucent gate.
 33525 | Orc:2    | Found a runed translucent gate.
 33526 | Orc:2    | Found an opulent altar of Gozag.
 33527 | Orc:2    | Found Equs Kau's Assorted Antiques.
 33527 | Orc:2    | Noticed Aryth's ghost (journeyman GnWn)
 33902 | Orc:2    | Found a staircase to the Elven Halls.
 33953 | Orc:2    | Found Raewk's Antique Weapon Shop.
 33953 | Orc:2    | Found Figusk's Antique Weapon Boutique.
 33954 | Orc:2    | Found Gyuzxiteh's Magic Scroll Boutique.
 33958 | Orc:2    | Found Hoixkodgh's Antique Armour Shop.
 33962 | Orc:2    | Bought a pair of embroidered gloves for 195 gold pieces
 33974 | Orc:2    | Bought a scroll of teleportation for 42 gold pieces
 33974 | Orc:2    | Bought 2 scrolls of magic mapping for 98 gold pieces
 33974 | Orc:2    | Bought a scroll of enchant weapon for 105 gold pieces
 33974 | Orc:2    | Bought a scroll of blinking for 105 gold pieces
 33976 | Orc:2    | Bought a scroll of fear for 49 gold pieces
 34882 | D:12     | Reached skill level 18 in Stealth
 36539 | D:13     | Slain by a two-headed ogre

Illustrated notes

Levels and vault maps discovered:
D:1:      wander_arrival_fairy_ring, layout_basic, hex_tiny
D:2:      layout_rooms, basic_ecumenical_altar, serial_bayou_pond_b,
          uniq_natasha, uniq_robin
D:3:      layout_rooms, mainiacjoe_overflow_chevrons,
          cheibrodos_sewer_entry_drain
D:4:      layout_gridville, grunt_tough_drop
D:5:      layout_cave_pools, temple_hall, uniq_crazy_yiuf_cottage, uniq_sigmund
D:6:      layout_cave_pools, trog_butcher_becter, serial_glass, glass_columns_a,
          glass_columns_a, glass_columns_b, glass_columns_a,
          hangedman_decor_lopped, minmay_misc_feat_pillars, uniq_duvessa,
          uniq_menkaure, uniq_edmund, uniq_eustachio
D:7:      layout_loops_ring, serial_shops, shop, uniq_joseph, uniq_maggie
D:8:      layout_basic, lair_entry_dummy, uniq_psyche
D:9:      layout_irregular_city, gammafunk_temple_overflow_pools, serial_glass,
          glass_columns_a, glass_columns_a, glass_columns_b, glass_columns_a,
          glass_columns_c, glass_columns_a, glass_columns_b, glass_columns_a,
          glass_columns_c, glass_columns_a, chequers_serial_rivers_marsh,
          uniq_erica
D:10:     layout_rooms, nicolae_straight_to_the_point
D:11:     layout_cave_pools, orc_0_dummy, hangedman_feature_mirror, uniq_fannar
D:12:     layout_long_grid, drop_trap
D:13:     layout_roguey, uniq_snorg, uniq_urug
Temple:   compressed_dpeg_circular_temple
Lair:1:   layout_small_grid, serial_bayou_lake_a
Lair:2:   layout_roguey [special_room_bee], uniq_nergalle
Lair:3:   layout_roguey
Lair:4:   layout_long_grid, minmay_shoals_entry_beasts, dummy_snake_entry,
          grunt_megastairs_4, infiniplex_staircase_pool_2, uniq_sonja
Lair:5:   layout_cave_shapes, slime_dummy, gammafunk_ghost_icy,
          beast_lair_carwin_11
Lair:6:   gammafunk_lair_ancient_temple, layout_gridlike
Orc:1:    layout_caves
Orc:2:    st_orc_mages, layout_caves, ebering_ghost_gozag, uniq_josephine

Skill      XL: |  1  2  3  4  5  6  7  8  9 10 11 12 13 14 15 |
---------------+----------------------------------------------+-----
Necromancy     | 2 3 4 5 6 7 9 10 11 12 13 | 13.1
Spellcasting   | 5 6 7 8 9 10 11 12 | 12.7
Stealth        | 6 8 10 11 13 15 16 17 18 | 18.1
Shields        | 2 4 5 6 8 9 10 | 10.2
Fighting       | 4 6 7 8 |  8.9
Armour         | |  1.0

Action                   |  1- 3 |  4- 6 |  7- 9 | 10-12 | 13-15 || total
-------------------------+-------+-------+-------+-------+-------++-------
Melee: Club              |     9 |       |       |       |       ||     9
       Dagger            |    13 |   176 |   168 |   571 |    91 ||  1019
       Spear             |       |     5 |     9 |       |       ||    14
       Whip              |       |       |       |       |   847 ||   847
       Constrict         |       |       |       |       |   177 ||   177
       Short sword       |       |       |       |       |    79 ||    79
 Fire: Hunting sling     |    40 |    52 |     5 |       |       ||    97
 Cast: Animate Skeleton  |    14 |    32 |     3 |       |     4 ||    53
       Pain              |     1 |    27 |    65 |    56 |    13 ||   162
       Vampiric Draining |       |     3 |    56 |   160 |   120 ||   339
       Sublimation of Bl |       |       |     3 |    18 |       ||    21
       Animate Dead      |       |       |     1 |       |     9 ||    10
       Agony             |       |       |       |     3 |     8 ||    11
       Excruciating Woun |       |       |       |       |     3 ||     3
Invok: Call Merchant     |       |       |       |     2 |     1 ||     3
       Receive Corpses   |       |       |       |       |     2 ||     2
 Abil: Spit Poison       |    27 |    15 |    27 |    11 |    13 ||    93
Evoke: Wand              |       |       |     5 |    13 |    16 ||    34
       Phial of floods   |       |       |       |       |     1 ||     1
  Use: Scroll            |       |     3 |    10 |     2 |    14 ||    29
       Potion            |       |       |       |       |     3 ||     3
 Stab: Sleeping          |       |     2 |     5 |    15 |    18 ||    40
       Distracted        |       |       |       |     9 |     7 ||    16
       Confused          |       |       |       |     1 |       ||     1
Armor: Robe              |    16 |   116 |   115 |       |       ||   247
       Leather armour    |       |       |    69 |   462 |   835 ||  1366
Dodge: Dodged            |    29 |   105 |    81 |   182 |   487 ||   884
Block: Kite shield       |       |       |   105 |   441 |   952 ||  1498
